cohdb
Replays
Latest Replays
All Replays
Popular Replays
Top Player Replays
Match Explorer
How It Works
Community
CoH3 Stats
Reddit
Sign in to upload your games and track your stats! →
Sign in with Steam
Match 45164376
Unlisted
Match 45164376
Overview
Messages
Build Orders
End
Kettenkrad Recon Vehicle
Construct Infanterie Kompanie
Selects Luftwaffe Battlegroup
Grenadier Squad
MG 42 Machine Gun Team
Grenadier Squad
Selects Stuka Strafing Run
Medical Station
Stuka Strafing Run
Grenadier Squad
Construct Panzergrenadier Kompanie
Selects Fallschirmjäger Squad Paradrop
GrW 34 Mortar Team
251 Medium Carrier
Meow
GEGE
SoF Ya Nos
Halal Headshot
0
0
Comments
sign in to comment!
No comments posted yet!